[Event "GambitGuide"]
[Site "Internet Chess Club"]
[Date "2014.10.31"]
[Round "1"]
[White "JSBach"]
[Black "diggy10"]
[Result "1-0"]
[ICCResult "Black resigns"]
[WhiteElo "1748"]
[BlackElo "1244"]
[Opening "Vienna: `Frankenstein-Dracula' variation"]
[ECO "C27"]
[NIC "VG.02"]
[Time "17:25:04"]
[TimeControl "120+12"]

1. e4 e5 2. Nc3 Nf6 3. Bc4 Nxe4 4. Qh5 Nd6 5. Bb3 Nc6 6. Nb5 g6 7. Qf3 f5 8.
Qd5 Qe7 9. Nxc7+ Kd8 10. Nxa8 b6 11. d3 h6 12. Ba4 Bb7 13. Nxb6 axb6 14. Qb3
Kc7 15. Be3 Nd4 16. Qc3+ Bc6 17. Kf1 Kb7 18. Bxd4 exd4 19. Qxd4 Bg7 20.
Bxc6+ Kxc6 21. Qa4+ Kb7 22. Re1 Qd8 23. Qb4 Qf6 24. Nf3 Nc8 25. Ne5 Qd6 26.
Qxd6 Nxd6 27. Nxg6 Re8 28. Rxe8 Nxe8 29. c3 Nd6 30. Ke2 b5 31. Rd1 Kc6 32.
Ne7+ Kc7 33. Ke3 Kd8 34. Nd5 Kc8 35. a4 Kb7 36. a5 Ka6 37. b4 Kb7 38. Re1
Kc6 39. a6 Nc8 40. c4 Na7 41. Ne7+ Kd6 42. Nxf5+ {Black resigns} 1-0

[Event "GambitGuide"]
[Site "Internet Chess Club"]
[Date "2014.10.31"]
[Round "1"]
[White "JSBach"]
[Black "Agnuti"]
[Result "1-0"]
[ICCResult "Black resigns"]
[WhiteElo "1748"]
[BlackElo "1385"]
[Opening "Vienna: `Frankenstein-Dracula' variation"]
[ECO "C27"]
[NIC "VG.02"]
[Time "17:27:36"]
[TimeControl "120+12"]

1. e4 e5 2. Nc3 Nf6 3. Bc4 Nxe4 4. Qh5 Nd6 5. Bb3 Nc6 6. Nb5 g6 7. Qf3 f5 8.
Qd5 Qe7 9. Nxc7+ Kd8 10. Nxa8 b6 11. d3 Bb7 12. Nxb6 axb6 13. Qf3 e4 14.
dxe4 Nxe4 15. Be3 Ne5 16. Bxb6+ Ke8 17. Qe3 Ng4 18. Qd4 Nexf2+ 19. Ne2 Nxh1
20. Qxh8 Bxg2 21. Bc7 Bf3 22. Bc4 Nhf2 23. b3 Ne4 24. O-O-O Qa3+ 25. Kb1
Bxe2 26. Bxe2 Nc3+ 27. Qxc3 {Black resigns} 1-0

[Event "GambitGuide"]
[Site "Internet Chess Club"]
[Date "2014.10.31"]
[Round "1"]
[White "JSBach"]
[Black "luckypawns"]
[Result "0-1"]
[ICCResult "White checkmated"]
[WhiteElo "1748"]
[BlackElo "1815"]
[Opening "Vienna: `Frankenstein-Dracula' variation"]
[ECO "C27"]
[NIC "VG.02"]
[Time "17:28:53"]
[TimeControl "120+12"]

1. e4 e5 2. Nc3 Nf6 3. Bc4 Nxe4 4. Qh5 Nd6 5. Bb3 Nc6 6. Nb5 g6 7. Qf3 f5 8.
Qd5 Qe7 9. Nxc7+ Kd8 10. Nxa8 b6 11. d3 Bb7 12. Nxb6 axb6 13. Qf3 Nd4 14.
Qg3 Bg7 15. Bg5 Bf6 16. Bxf6 Qxf6 17. Ba4 b5 18. Bb3 h5 19. c3 g5 20. cxd4
f4 21. Qh3 g4 22. Rc1 gxh3 23. Nxh3 Bxg2 24. Rg1 Bxh3 25. d5 Re8 26. a4 Bf5
27. axb5 Nxb5 28. Bc4 Nd4 29. Rg2 e4 30. Kd2 e3+ 31. fxe3 fxe3+ 32. Ke1 Qh4+
33. Rg3 Qxh2 34. Rxe3 Rxe3+ 35. Kf1 Qe2+ 36. Kg1 Rg3+ 37. Kh1 Qg2#
{White checkmated}
0-1

[Event "GambitGuide"]
[Site "Internet Chess Club"]
[Date "2014.10.31"]
[Round "1"]
[White "JSBach"]
[Black "nsideurheadbro"]
[Result "1-0"]
[ICCResult "Black resigns"]
[WhiteElo "1748"]
[BlackElo "1184"]
[Opening "Vienna: `Frankenstein-Dracula' variation"]
[ECO "C27"]
[NIC "VG.02"]
[Time "17:25:13"]
[TimeControl "120+12"]

1. e4 e5 2. Nc3 Nf6 3. Bc4 Nxe4 4. Qh5 Nd6 5. Bb3 Nc6 6. Nb5 g6 7. Qf3 f5 8.
Qd5 Qe7 9. Nxc7+ Kd8 10. Nxa8 b6 11. d3 Bb7 12. Nxb6 axb6 13. Qf3 Nd4 14.
Qg3 f4 15. Qg4 g5 16. Bd2 h5 17. Qd1 Bxg2 18. c3 Bxh1 19. cxd4 exd4+ 20. Qe2
Qxe2+ 21. Nxe2 Bg7 22. Bb4 Nf5 23. Bc4 Re8 24. Bf7 Re5 25. Kf1 Rb5 26. a3
Be5 27. Bc4 Bc6 28. Bxb5 Bxb5 29. Rd1 g4 30. Ke1 h4 31. Ng1 f3 32. h3 g3 33.
Nxf3 Bc7 34. Ke2 gxf2 35. Kxf2 Bg3+ 36. Ke2 Bc6 37. Rd2 Ne3 38. Nxd4 Nd5 39.
Nxc6+ dxc6 40. Rc2 Kd7 41. Be1 Nf4+ 42. Kf3 Bxe1 43. Kxf4 Bg3+ 44. Kf5 c5
45. b4 Kd6 46. bxc5+ bxc5 47. a4 Kd5 48. a5 Bb8 49. a6 Kd4 50. Rd2 Ke3 51.
Rb2 Ba7 52. Rb7 Kxd3 53. Rxa7 c4 54. Kg5 c3 55. Rd7+ Ke3 56. Rc7 Kd2 57. a7
c2 58. a8=Q {Black resigns} 1-0

[Event "GambitGuide"]
[Site "Internet Chess Club"]
[Date "2014.10.31"]
[Round "1"]
[White "JSBach"]
[Black "Heian"]
[Result "0-1"]
[ICCResult "White checkmated"]
[WhiteElo "1760"]
[BlackElo "1548"]
[Opening "Vienna: `Frankenstein-Dracula' variation"]
[ECO "C27"]
[NIC "VG.02"]
[Time "17:28:45"]
[TimeControl "120+12"]

1. e4 e5 2. Nc3 Nf6 3. Bc4 Nxe4 4. Qh5 Nd6 5. Bb3 Nc6 6. Nb5 g6 7. Qf3 f5 8.
Qd5 Qe7 9. Nxc7+ Kd8 10. Nxa8 b6 11. d3 Bb7 12. Nxb6 axb6 13. Qf3 Kc7 14.
Be3 Nd4 15. Qh3 Qf6 16. Bxd4 exd4 17. Qg3 g5 18. Nf3 h6 19. O-O f4 20. Qh3
h5 21. Rfe1 Be7 22. Rxe7 Qxe7 23. Re1 Qf6 24. a4 Nf5 25. Ne5 d6 26. Nf3 g4
27. Re6 Qxe6 28. Bxe6 gxh3 29. Bxf5 hxg2 30. Nxd4 Re8 31. f3 Re1+ 32. Kxg2
d5 33. Ne6+ Kd6 34. Nd4 Ke5 35. c3 Rb1 36. b4 Rc1 37. h4 Rxc3 38. a5 bxa5
39. bxa5 Ra3 40. Nc2 Rxa5 41. Bd7 Ba6 42. Nb4 Ra3 43. d4+ Kd6 44. Be8 Bc4
45. Bxh5 Rb3 46. Nc2 Rb2 47. Bg6 Bb3 48. h5 Bxc2 49. Kh3 Bxg6 50. hxg6 Ke7
51. Kh4 Kf6 52. Kh5 Rh2+ 53. Kg4 Rg2+ 54. Kxf4 Rxg6 55. Ke3 Rg3 56. Kf2 Rh3
57. Ke3 Kf5 58. Ke2 Kf4 59. Kd2 Rxf3 60. Kc2 Re3 61. Kc1 Ke4 62. Kb1 Kxd4
63. Kc2 Rd3 64. Kc1 Kc3 65. Kb1 Rd2 66. Ka1 Kb3 67. Kb1 Rd1# {White
checkmated} 0-1

[Event "GambitGuide"]
[Site "Internet Chess Club"]
[Date "2014.10.31"]
[Round "1"]
[White "JSBach"]
[Black "luckypawns"]
[Result "0-1"]
[ICCResult "White checkmated"]
[WhiteElo "1760"]
[BlackElo "1815"]
[Opening "Vienna: `Frankenstein-Dracula' variation"]
[ECO "C27"]
[NIC "VG.02"]
[Time "17:29:45"]
[TimeControl "120+12"]

1. e4 e5 2. Nc3 Nf6 3. Bc4 Nxe4 4. Qh5 Nd6 5. Bb3 Nc6 6. Nb5 g6 7. Qf3 f5 8.
Qd5 Qe7 9. Nxc7+ Kd8 10. Nxa8 b6 11. d3 Bb7 12. Nxb6 axb6 13. Qf3 Nd4 14.
Qh3 Bg7 15. Be3 h5 16. Rb1 g5 17. Bxd4 exd4+ 18. Kf1 g4 19. Qg3 Be5 20. Re1
f4 21. Rxe5 Qxe5 22. Qh4+ Kc7 23. f3 Nf5 24. Qe1 Ne3+ 25. Kf2 g3+ 26. Ke2
Nxg2+ 27. Kf1 Nxe1 28. hxg3 Nxf3 29. Nxf3 Bxf3 30. Rh2 fxg3 31. Rd2 g2+ 32.
Rxg2 Bxg2+ 33. Kxg2 Qe2+ 34. Kh3 Qg4+ 35. Kh2 Rf8 36. Bf7 Rxf7 37. Kh1 Rf1+
38. Kh2 Rf2+ 39. Kh1 Qg2# {White checkmated} 0-1

[Event "GambitGuide"]
[Site "Internet Chess Club"]
[Date "2014.10.31"]
[Round "1"]
[White "JSBach"]
[Black "Heian"]
[Result "1-0"]
[ICCResult "Black resigns"]
[WhiteElo "1760"]
[BlackElo "1548"]
[Opening "Vienna: `Frankenstein-Dracula' variation"]
[ECO "C27"]
[NIC "VG.02"]
[Time "17:31:02"]
[TimeControl "120+12"]

1. e4 e5 2. Nc3 Nf6 3. Bc4 Nxe4 4. Qh5 Nd6 5. Bb3 Nc6 6. Nb5 g6 7. Qf3 f5 8.
Qd5 Qe7 9. Nxc7+ Kd8 10. Nxa8 b6 11. d3 Bb7 12. Nxb6 axb6 13. Qf3 Kc7 14.
Be3 Nd4 15. Qh3 Qf6 16. Rc1 h5 17. f4 e4 18. Qg3 Ne6 19. Ne2 Bh6 20. O-O g5
21. Bxe6 dxe6 22. fxg5 Qg6 23. gxh6 Qxg3 24. Nxg3 h4 25. Ne2 Rf8 26. Nd4 e5
27. Ne6+ {Black resigns} 1-0

[Event "GambitGuide"]
[Site "Internet Chess Club"]
[Date "2014.10.31"]
[Round "1"]
[White "JSBach"]
[Black "BorrowedTime"]
[Result "1-0"]
[ICCResult "Black checkmated"]
[WhiteElo "1760"]
[BlackElo "1400"]
[Opening "Vienna: `Frankenstein-Dracula' variation"]
[ECO "C27"]
[NIC "VG.02"]
[Time "17:24:37"]
[TimeControl "120+12"]

1. e4 e5 2. Nc3 Nf6 3. Bc4 Nxe4 4. Qh5 Nd6 5. Bb3 Nc6 6. Nb5 g6 7. Qf3 f5 8.
Qd5 Qe7 9. Nxc7+ Kd8 10. Nxa8 b6 11. d3 Bb7 12. Nxb6 axb6 13. Qf3 Na5 14.
Qe3 Nc8 15. Qg5 Nd6 16. Ba4 Bg7 17. Qxe7+ Kxe7 18. f3 Ba6 19. Bd2 Nc6 20.
Be3 b5 21. Bb3 Ke8 22. a4 b4 23. Bc5 Nb7 24. Bb6 Bf6 25. Bd5 Kf8 26. Ne2 Kg7
27. O-O Nbd8 28. Rae1 d6 29. Ng3 Re8 30. a5 Ne7 31. Bb3 d5 32. Bc5 e4 33.
fxe4 dxe4 34. Ba4 Nec6 35. Re3 Re7 36. Bxc6 Re5 37. Bd4 Rxa5 38. Bxf6+ Kxf6
39. Bxe4 Re5 40. c4 Kg7 41. Nxf5+ gxf5 42. Rxf5 Re7 43. Rg3+ Kh8 44. Rf8#
{Black checkmated}
1-0

[Event "GambitGuide"]
[Site "Internet Chess Club"]
[Date "2014.10.31"]
[Round "1"]
[White "JSBach"]
[Black "smyslovVchess"]
[Result "1-0"]
[ICCResult "Black resigns"]
[WhiteElo "1771"]
[BlackElo "1606"]
[Opening "Vienna: `Frankenstein-Dracula' variation"]
[ECO "C27"]
[NIC "VG.02"]
[Time "17:29:28"]
[TimeControl "120+12"]

1. e4 e5 2. Nc3 Nf6 3. Bc4 Nxe4 4. Qh5 Nd6 5. Bb3 Nc6 6. Nb5 g6 7. Qf3 f5 8.
Qd5 Qe7 9. Nxc7+ Kd8 10. Nxa8 b6 11. d3 e4 12. dxe4 Nxe4 13. Be3 f4 14. Nxb6
fxe3 15. O-O-O Nxf2 16. Qxc6 axb6 17. Qxb6+ Ke8 18. Qc7 Nxd1 19. Qxc8+ Qd8
20. Qxd8+ Kxd8 21. Kxd1 Bh6 22. a4 Kc7 23. Ke2 Rf8 24. Nf3 g5 25. g4 Bg7 26.
Kxe3 Bxb2 27. Nxg5 h6 28. Rb1 Bc3 29. Nf3 Re8+ 30. Kd3 Bf6 31. Re1 Rf8 32.
Bd5 Kd6 33. c4 Kc5 34. a5 d6 35. h4 {Black resigns} 1-0

[Event "GambitGuide"]
[Site "Internet Chess Club"]
[Date "2014.10.31"]
[Round "1"]
[White "JSBach"]
[Black "luckypawns"]
[Result "0-1"]
[ICCResult "White checkmated"]
[WhiteElo "1771"]
[BlackElo "1815"]
[Opening "Vienna: `Frankenstein-Dracula' variation"]
[ECO "C27"]
[NIC "VG.02"]
[Time "17:31:28"]
[TimeControl "120+12"]

1. e4 e5 2. Nc3 Nf6 3. Bc4 Nxe4 4. Qh5 Nd6 5. Bb3 Nc6 6. Nb5 g6 7. Qf3 f5 8.
Qd5 Qe7 9. Nxc7+ Kd8 10. Nxa8 b6 11. d3 Bb7 12. Nxb6 axb6 13. Qf3 Nd4 14.
Qg3 Bg7 15. Bg5 Bf6 16. Bxf6 Qxf6 17. Ba4 b5 18. Bb3 h5 19. c3 g5 20. cxd4
f4 21. Qh3 g4 22. Rc1 gxh3 23. Nxh3 Bxg2 24. Rg1 Bxh3 25. d5 Re8 26. a4 bxa4
27. Bxa4 e4 28. b4 exd3+ 29. Kd1 Bg4+ 30. f3 Bxf3+ 31. Kd2 Qd4 32. Rge1 Be2
33. Rc8+ Kxc8 34. Bxd7+ Kxd7 35. Rb1 f3 36. b5 Qe3+ 37. Kc3 d2+ 38. Kc2 Bd3+
39. Kb2 Bxb1 40. h3 d1=Q 41. b6 Qeb3+ 42. Ka1 Ra8# {White checkmated} 0-1

[Event "GambitGuide"]
[Site "Internet Chess Club"]
[Date "2014.10.31"]
[Round "1"]
[White "JSBach"]
[Black "Heian"]
[Result "1-0"]
[ICCResult "Black resigns"]
[WhiteElo "1771"]
[BlackElo "1548"]
[Opening "Vienna: `Frankenstein-Dracula' variation"]
[ECO "C27"]
[NIC "VG.02"]
[Time "17:31:56"]
[TimeControl "120+12"]

1. e4 e5 2. Nc3 Nf6 3. Bc4 Nxe4 4. Qh5 Nd6 5. Bb3 Nc6 6. Nb5 g6 7. Qf3 f5 8.
Qd5 Qe7 9. Nxc7+ Kd8 10. Nxa8 b6 11. d3 Bb7 12. Nxb6 axb6 13. Qf3 Kc7 14.
Bd2 Nd4 15. Qg3 Nxb3 16. axb3 Qf6 17. Bg5 Qe6 18. Ra7 h6 19. Bd2 Qf6 20. Nf3
g5 21. Qxe5 Qg6 22. Qxh8 Bg7 23. Qg8 g4 24. Ne5 Bxe5 25. Qxg6 {Black
resigns} 1-0

[Event "GambitGuide"]
[Site "Internet Chess Club"]
[Date "2014.10.31"]
[Round "1"]
[White "JSBach"]
[Black "Logic"]
[Result "0-1"]
[ICCResult "White checkmated"]
[WhiteElo "1771"]
[BlackElo "1400"]
[Opening "Vienna: `Frankenstein-Dracula' variation"]
[ECO "C27"]
[NIC "VG.02"]
[Time "17:31:06"]
[TimeControl "120+12"]

1. e4 e5 2. Nc3 Nf6 3. Bc4 Nxe4 4. Qh5 Nd6 5. Bb3 Nc6 6. Nb5 g6 7. Qf3 f5 8.
Qd5 Qe7 9. Nxc7+ Kd8 10. Nxa8 b6 11. d3 Bb7 12. Nxb6 axb6 13. Qf3 e4 14.
dxe4 Nd4 15. Qd3 Bg7 16. c3 Bxe4 17. Qe3 f4 18. Qxf4 Bxg2+ 19. Qe3 Qh4 20.
cxd4 Re8 21. Be6 Rxe6 22. Qxe6 dxe6 23. Bf4 Qxf4 24. Ne2 Qe4 25. Rg1 Bf3 26.
Kd2 Qxe2+ 27. Kc3 Be4 28. Rgc1 Qd3+ 29. Kb4 Bxd4 30. Rab1 Qb5+ 31. Ka3 Bxb1
32. Rc8+ Kxc8 33. b4 Bc2 34. f4 Nc4# {White checkmated} 0-1

[Event "GambitGuide"]
[Site "Internet Chess Club"]
[Date "2014.10.31"]
[Round "1"]
[White "JSBach"]
[Black "gonesailing"]
[Result "0-1"]
[ICCResult "White checkmated"]
[WhiteElo "1771"]
[BlackElo "1337"]
[Opening "Vienna: `Frankenstein-Dracula' variation"]
[ECO "C27"]
[NIC "VG.02"]
[Time "17:30:55"]
[TimeControl "120+12"]

1. e4 e5 2. Nc3 Nf6 3. Bc4 Nxe4 4. Qh5 Nd6 5. Bb3 Nc6 6. Nb5 g6 7. Qf3 f5 8.
Qd5 Qe7 9. Nxc7+ Kd8 10. Nxa8 b6 11. d3 Bb7 12. Nxb6 axb6 13. Qf3 Nd4 14.
Qh3 f4 15. Ba4 b5 16. Bb3 Nf7 17. Ne2 Ng5 18. Qg4 h5 19. Nxd4 hxg4 20. Nxb5
Bxg2 21. Rf1 Bxf1 22. Kxf1 Rxh2 23. Nc3 Qc5 24. Nd1 g3 25. fxg3 Rh1+ 26. Ke2
Qg1 27. d4 Qf1+ 28. Kd2 Qxd1+ 29. Kc3 Qxd4# {White checkmated} 0-1

[Event "GambitGuide"]
[Site "Internet Chess Club"]
[Date "2014.10.31"]
[Round "1"]
[White "JSBach"]
[Black "luckypawns"]
[Result "0-1"]
[ICCResult "White checkmated"]
[WhiteElo "1771"]
[BlackElo "1815"]
[Opening "Vienna: `Frankenstein-Dracula' variation"]
[ECO "C27"]
[NIC "VG.02"]
[Time "17:32:37"]
[TimeControl "120+12"]

1. e4 e5 2. Nc3 Nf6 3. Bc4 Nxe4 4. Qh5 Nd6 5. Bb3 Nc6 6. Nb5 g6 7. Qf3 f5 8.
Qd5 Qe7 9. Nxc7+ Kd8 10. Nxa8 b6 11. d3 Bb7 12. Nxb6 axb6 13. Qf3 Nd4 14.
Qg3 Bg7 15. Bg5 Bf6 16. Bxf6 Qxf6 17. Ba4 b5 18. Bb3 h5 19. c3 g5 20. cxd4
f4 21. Qh3 g4 22. Rc1 gxh3 23. Nxh3 Bxg2 24. Rg1 Bxh3 25. d5 Re8 26. Kd2 e4
27. dxe4 Nxe4+ 28. Kc2 Bf5 29. Ra1 Nc5+ 30. Kc1 Nd3+ 31. Kd2 Qxb2+ 32. Bc2
Nxf2 33. Rac1 Qd4+ 34. Bd3 Qxd3# {White checkmated} 0-1

[Event "GambitGuide"]
[Site "Internet Chess Club"]
[Date "2014.10.31"]
[Round "1"]
[White "JSBach"]
[Black "diggy10"]
[Result "1-0"]
[ICCResult "Black resigns"]
[WhiteElo "1771"]
[BlackElo "1244"]
[Opening "Vienna: `Frankenstein-Dracula' variation"]
[ECO "C27"]
[NIC "VG.02"]
[Time "17:29:22"]
[TimeControl "120+12"]

1. e4 e5 2. Nc3 Nf6 3. Bc4 Nxe4 4. Qh5 Nd6 5. Bb3 Nc6 6. Nb5 g6 7. Qf3 f5 8.
Qd5 Qe7 9. Nxc7+ Kd8 10. Nxa8 b6 11. d3 h6 12. Ba4 Bb7 13. Nxb6 axb6 14. Qb3
Kc7 15. Be3 Nd4 16. Qc3+ Bc6 17. Kf1 f4 18. Bxd4 exd4 19. Qxd4 Bg7 20. Qxf4
Be5 21. Qb4 Bxa4 22. Qxa4 Qf6 23. c3 Nb7 24. d4 Bd6 25. Re1 Qh4 26. Nf3 Qf6
27. Qc4+ Kb8 28. Qa6 Bc7 29. Ne5 Bxe5 30. dxe5 Qe6 31. Rd1 Rd8 32. Qb5 Kc8
33. Qa6 Kb8 34. h3 d5 35. Rd4 Nc5 36. Qb5 Kb7 37. Rb4 Ra8 38. Qxc5 Ra5 39.
Qxa5 {Black resigns} 1-0

[Event "GambitGuide"]
[Site "Internet Chess Club"]
[Date "2014.10.31"]
[Round "1"]
[White "JSBach"]
[Black "Heian"]
[Result "0-1"]
[ICCResult "White checkmated"]
[WhiteElo "1771"]
[BlackElo "1548"]
[Opening "Vienna: `Frankenstein-Dracula' variation"]
[ECO "C27"]
[NIC "VG.02"]
[Time "17:32:33"]
[TimeControl "120+12"]

1. e4 e5 2. Nc3 Nf6 3. Bc4 Nxe4 4. Qh5 Nd6 5. Bb3 Nc6 6. Nb5 g6 7. Qf3 f5 8.
Qd5 Qe7 9. Nxc7+ Kd8 10. Nxa8 b6 11. d3 Bb7 12. Nxb6 axb6 13. Qf3 Kc7 14.
Bd2 Qf6 15. Bc3 Nd4 16. Qg3 f4 17. Qg4 h5 18. Qh3 g5 19. Bxd4 exd4 20. Nf3
Nf5 21. c4 g4 22. Nxd4 gxh3 23. Nb5+ Kb8 24. O-O-O hxg2 25. Rhe1 f3 26. Re8+
Bc8 27. Ree1 Bg7 28. d4 Ba6 29. Nc3 Nxd4 30. Kb1 Nxb3 31. axb3 Qf5+ 32. Ka1
Bxc3 33. bxc3 Qf6 34. Rd4 Rg8 35. Rg1 Qe5 36. Rd3 Qe2 37. Rxd7 Rg5 38. c5
bxc5 39. Rdd1 c4 40. bxc4 Ra5+ 41. Kb1 Ra2 42. Rd8+ Kc7 43. Rd2 Qxd2 44. c5
Qb2# {White checkmated} 0-1

[Event "GambitGuide"]
[Site "Internet Chess Club"]
[Date "2014.10.31"]
[Round "1"]
[White "JSBach"]
[Black "vajramove"]
[Result "1-0"]
[ICCResult "Black resigns"]
[WhiteElo "1771"]
[BlackElo "1635"]
[Opening "Vienna: `Frankenstein-Dracula' variation"]
[ECO "C27"]
[NIC "VG.02"]
[Time "17:33:22"]
[TimeControl "120+12"]

1. e4 e5 2. Nc3 Nf6 3. Bc4 Nxe4 4. Qh5 Nd6 5. Bb3 Nc6 6. Nb5 g6 7. Qf3 f5 8.
Qd5 Qe7 9. Nxc7+ Kd8 10. Nxa8 b6 11. d3 Bb7 12. Nxb6 axb6 13. Qf3 Nd4 14.
Qg3 f4 15. Qg4 e4 16. Kf1 f3 17. Bg5 {Black resigns} 1-0

[Event "GambitGuide"]
[Site "Internet Chess Club"]
[Date "2014.10.31"]
[Round "1"]
[White "JSBach"]
[Black "luckypawns"]
[Result "0-1"]
[ICCResult "White checkmated"]
[WhiteElo "1771"]
[BlackElo "1815"]
[Opening "Vienna: `Frankenstein-Dracula' variation"]
[ECO "C27"]
[NIC "VG.02"]
[Time "17:33:33"]
[TimeControl "120+12"]

1. e4 e5 2. Nc3 Nf6 3. Bc4 Nxe4 4. Qh5 Nd6 5. Bb3 Nc6 6. Nb5 g6 7. Qf3 f5 8.
Qd5 Qe7 9. Nxc7+ Kd8 10. Nxa8 b6 11. d3 Bb7 12. Nxb6 axb6 13. Qf3 Nd4 14.
Qg3 Bg7 15. Bg5 Bf6 16. Bxf6 Qxf6 17. Ba4 b5 18. Bb3 h5 19. c3 g5 20. cxd4
f4 21. Qh3 g4 22. Rc1 gxh3 23. Nxh3 Bxg2 24. Rg1 Bxh3 25. d5 Re8 26. a4 bxa4
27. Bxa4 e4 28. b4 exd3+ 29. Kd1 Bg4+ 30. f3 Bxf3+ 31. Kd2 Qd4 32. Rge1 Ne4+
33. Rxe4 Rxe4 34. Rb1 Re2+ 35. Kc1 Qc3+ 36. Kd1 Qd2# {White checkmated} 0-1

[Event "GambitGuide"]
[Site "Internet Chess Club"]
[Date "2014.10.31"]
[Round "1"]
[White "JSBach"]
[Black "neiio"]
[Result "1-0"]
[ICCResult "Black checkmated"]
[WhiteElo "1771"]
[BlackElo "1400"]
[Opening "Vienna: `Frankenstein-Dracula' variation"]
[ECO "C27"]
[NIC "VG.02"]
[Time "17:32:59"]
[TimeControl "120+12"]

1. e4 e5 2. Nc3 Nf6 3. Bc4 Nxe4 4. Qh5 Nd6 5. Bb3 Nc6 6. Nb5 g6 7. Qf3 f5 8.
Qd5 Qe7 9. Nxc7+ Kd8 10. Nxa8 b6 11. d3 Nb4 12. Bg5 Qxg5 13. Qxe5 Nxc2+ 14.
Bxc2 Nf7 15. Qc7+ Ke8 16. Qxc8+ Nd8 17. Nc7+ Kf7 18. Qxd7+ Kg8 19. Bb3+ Nf7
20. Qxf7# {Black checkmated} 1-0

[Event "GambitGuide"]
[Site "Internet Chess Club"]
[Date "2014.10.31"]
[Round "1"]
[White "JSBach"]
[Black "smyslovVchess"]
[Result "1-0"]
[ICCResult "Black resigns"]
[WhiteElo "1771"]
[BlackElo "1606"]
[Opening "Vienna: `Frankenstein-Dracula' variation"]
[ECO "C27"]
[NIC "VG.02"]
[Time "17:32:34"]
[TimeControl "120+12"]

1. e4 e5 2. Nc3 Nf6 3. Bc4 Nxe4 4. Qh5 Nd6 5. Bb3 Nc6 6. Nb5 g6 7. Qf3 f5 8.
Qd5 Qe7 9. Nxc7+ Kd8 10. Nxa8 b6 11. d3 e4 12. dxe4 Nxe4 13. Be3 f4 14. f3
Nc5 15. Ne2 Qxe3 16. Qg5+ Be7 17. Qxf4 Qxf4 18. Nxf4 Nd4 19. Kd1 Bb7 20. Bd5
Nc6 21. b4 Na4 22. b5 Nc3+ 23. Kd2 Nxd5 24. Nxd5 Nd4 25. Nxe7 Bxa8 26. Rae1
Ne6 27. Nc6+ Bxc6 28. bxc6 Nc5 29. cxd7 Kxd7 30. Re5 Rd8 31. Rd5+ Kc7 32.
Rxd8 Kxd8 33. Re1 Kd7 34. c3 h6 35. h4 g5 36. g3 a5 37. hxg5 hxg5 38. f4
gxf4 39. gxf4 Kd6 40. f5 Nd7 41. Re6+ Kd5 42. a3 b5 43. Ra6 a4 44. Re6 Ne5
45. Ke3 Nc4+ 46. Kf4 Nxa3 47. Re5+ Kd6 48. f6 Nc4 49. f7 Nxe5 50. f8=Q+ Kd5
51. Qg8+ Kd6 52. Qb8+ {Black resigns} 1-0

[Event "GambitGuide"]
[Site "Internet Chess Club"]
[Date "2014.10.31"]
[Round "1"]
[White "JSBach"]
[Black "nsideurheadbro"]
[Result "1-0"]
[ICCResult "Black checkmated"]
[WhiteElo "1771"]
[BlackElo "1184"]
[Opening "Vienna: `Frankenstein-Dracula' variation"]
[ECO "C27"]
[NIC "VG.02"]
[Time "17:31:05"]
[TimeControl "120+12"]

1. e4 e5 2. Nc3 Nf6 3. Bc4 Nxe4 4. Qh5 Nd6 5. Bb3 Nc6 6. Nb5 g6 7. Qf3 f5 8.
Qd5 Qe7 9. Nxc7+ Kd8 10. Nxa8 b6 11. d3 Bb7 12. Nxb6 axb6 13. Qf3 Nd4 14.
Qg3 f4 15. Qh3 g5 16. Ba4 h5 17. f3 b5 18. Bb3 Bg7 19. Bd2 e4 20. fxe4 Nxe4
21. Ba5+ Kc8 22. dxe4 Qxe4+ 23. Kf1 Nxb3 24. cxb3 Bd4 25. Rc1+ Kb8 26. Ne2
Qe3 27. Bc7+ Ka7 28. Qxe3 Bxe3 29. Be5 Re8 30. Bd4+ Ka8 31. Rc7 Kb8 32. Rxd7
f3 33. gxf3 Bxf3 34. Bxe3 Rxe3 35. Kf2 Rxe2+ 36. Kxf3 Rxb2 37. Rd5 b4 38.
Rxg5 Rxa2 39. h4 Rb2 40. Rb5+ Kc7 41. Rc1+ Kd6 42. Rd1+ Ke6 43. Rxb4 Kf6 44.
Rd5 Ke6 45. Rc5 Kd6 46. Rxh5 Rb1 47. Rd4+ Ke6 48. b4 Kf6 49. b5 Ke6 50. Re4+
Kf6 51. Rhe5 Rf1+ 52. Ke2 Rh1 53. Re6+ Kf5 54. R6e5+ Kf6 55. b6 Rb1 56. Re6+
Kf5 57. h5 Kg5 58. R4e5+ Kg4 59. h6 Rb2+ 60. Kd3 Rb3+ 61. Kd4 Rb4+ 62. Kc5
Rb1 63. Re1 Rb2 64. h7 Rh2 65. b7 Rxh7 66. b8=Q Rh5+ 67. Kd4 Ra5 68. Rg1+
Kf3 69. Qg3# {Black checkmated} 1-0

[Event "GambitGuide"]
[Site "Internet Chess Club"]
[Date "2014.10.31"]
[Round "1"]
[White "JSBach"]
[Black "Propugnator"]
[Result "1-0"]
[ICCResult "Black resigns"]
[WhiteElo "1771"]
[BlackElo "1795"]
[Opening "Vienna: `Frankenstein-Dracula' variation"]
[ECO "C27"]
[NIC "VG.02"]
[Time "17:35:17"]
[TimeControl "120+12"]

1. e4 e5 2. Nc3 Nf6 3. Bc4 Nxe4 4. Qh5 Nd6 5. Bb3 Nc6 6. Nb5 g6 7. Qf3 f5 8.
Qd5 Qe7 9. Nxc7+ Kd8 10. Nxa8 b6 11. d3 Bb7 12. Nxb6 axb6 13. Qf3 Bg7 14.
Be3 Na5 15. Bxb6+ Ke8 16. Qh3 Nc6 17. c3 Qg5 18. Bd5 e4 19. dxe4 fxe4 20.
Rd1 {Black resigns} 1-0

[Event "GambitGuide"]
[Site "Internet Chess Club"]
[Date "2014.10.31"]
[Round "1"]
[White "JSBach"]
[Black "neiio"]
[Result "1-0"]
[ICCResult "Black resigns"]
[WhiteElo "1771"]
[BlackElo "1400"]
[Opening "Vienna: `Frankenstein-Dracula' variation"]
[ECO "C27"]
[NIC "VG.02"]
[Time "17:34:41"]
[TimeControl "120+12"]

1. e4 e5 2. Nc3 Nf6 3. Bc4 Nxe4 4. Qh5 Nd6 5. Bb3 Nc6 6. Nb5 g6 7. Qf3 f5 8.
Qd5 Qe7 9. Nxc7+ Kd8 10. Nxa8 b6 11. d3 e4 12. dxe4 Nxe4 13. Be3 Qb4+ 14. c3
Nxc3 15. Qd2 f4 16. Bxb6+ axb6 17. Qxc3 Qe4+ 18. Kd1 Bb4 19. Qf6+ Be7 20.
Qxh8+ {Black resigns} 1-0

[Event "GambitGuide"]
[Site "Internet Chess Club"]
[Date "2014.10.31"]
[Round "1"]
[White "JSBach"]
[Black "gonesailing"]
[Result "1-0"]
[ICCResult "Black resigns"]
[WhiteElo "1771"]
[BlackElo "1337"]
[Opening "Vienna: `Frankenstein-Dracula' variation"]
[ECO "C27"]
[NIC "VG.02"]
[Time "17:33:48"]
[TimeControl "120+12"]

1. e4 e5 2. Nc3 Nf6 3. Bc4 Nxe4 4. Qh5 Nd6 5. Bb3 Nc6 6. Nb5 g6 7. Qf3 f5 8.
Qd5 Qe7 9. Nxc7+ Kd8 10. Nxa8 b6 11. d3 Bb7 12. Nxb6 axb6 13. Qf3 Nd4 14.
Qh3 f4 15. Ba4 b5 16. Bb3 Nf7 17. Qg4 h5 18. Qxg6 d5 19. Bd2 Rh6 20. Ba5+
Ke8 21. Qg8 Ra6 22. Bc3 Nxb3 23. cxb3 d4 24. Bd2 Ng5 25. f3 b4 26. a3 bxa3
27. bxa3 Ne6 28. Qg6+ Kd8 29. Rc1 Rxa3 30. Qxh5 Rxb3 31. Ba5+ Kd7 32. Ne2
Ra3 33. Qxe5 {Black resigns} 1-0

[Event "GambitGuide"]
[Site "Internet Chess Club"]
[Date "2014.10.31"]
[Round "1"]
[White "JSBach"]
[Black "Submundo"]
[Result "1-0"]
[ICCResult "Black resigns"]
[WhiteElo "1781"]
[BlackElo "1557"]
[Opening "Vienna: `Frankenstein-Dracula' variation"]
[ECO "C27"]
[NIC "VG.02"]
[Time "17:28:34"]
[TimeControl "120+12"]

1. e4 e5 2. Nc3 Nf6 3. Bc4 Nxe4 4. Qh5 Nd6 5. Bb3 Nc6 6. Nb5 g6 7. Qf3 f5 8.
Qd5 Qe7 9. Nxc7+ Kd8 10. Nxa8 b6 11. d3 Nd4 12. f4 Bb7 13. Qxe5 Bxg2 14. Be3
Bg7 15. Qxe7+ Kxe7 16. Bxd4 Bxd4 17. Ne2 Bxb2 18. Rb1 Bxh1 19. Nxb6 Ba3 20.
Nd5+ Kf8 21. Kf2 Bxd5 22. Bxd5 Kg7 23. c3 Bc5+ 24. d4 Bb6 25. Ng3 Rc8 26.
Rb3 h6 27. a4 g5 28. Kg2 Re8 29. h3 Kg6 30. Kf3 Bc7 31. Ne2 g4+ 32. hxg4
fxg4+ 33. Kf2 h5 34. Rb1 Rf8 35. Kg2 h4 36. Re1 Nf5 37. Kg1 Re8 38. Bb7 Kf6
39. Kf1 g3 40. Bg2 Rh8 41. Bh3 Ne3+ 42. Kg1 Rb8 43. Bxd7 Rb2 44. Bc6 Nd1 45.
Bf3 Nxc3 46. Nxc3 h3 47. Nd5+ Kf5 48. Be4+ Kg4 49. Nxc7 h2+ 50. Kh1 Kh3 51.
Bf5+ Kh4 52. Re7 Rb1+ 53. Bxb1 {Black resigns} 1-0